 Dungeon Crawl Stone Soup version 0.24.0-29-g8ce449bc06 (webtiles) character file.

Game seed: 13157887739823771719, levelgen mode: deterministic

2188 Flugslaktarn the Cleaver (level 9, -3/79 HPs)
             Began as a Minotaur Fighter on Nov 16, 2019.
             Was an Initiate of Gozag.
             Slain by Harold
             ... wielding a +0 scimitar
              (11 damage)
             ... on level 7 of the Dungeon.
             The game lasted 00:02:44 (5833 turns).

Flugslaktarn the Cleaver (Minotaur Fighter)         Turns: 5833, Time: 00:02:45

Health: -3/79      AC: 10    Str: 24    XL:     9   Next: 12%
Magic:  9/9        EV:  6    Int:  5    God:    Gozag
Gold:   191        SH: 11    Dex: 10    Spells: 8/8 levels left

rFire    . . .     SeeInvis .   a - +0 war axe
rCold    . . .     Gourm    .   c - +0 shield
rNeg     . . .     Faith    .   q - +0 chain mail (curse)
rPois    .         Spirit   .   (helmet restricted)
rElec    .         Reflect  .   (no cloak)
rCorr    .         Harm     .   (no gloves)
MR       .....                  (no boots)
Stlth    ..........             (no amulet)
HPRegen  0.23/turn              (no ring)
MPRegen  0.11/turn              (no ring)

@: no status effects
A: retaliatory headbutt, horns 2
a: Potion Petition, Call Merchant, Bribe Branch, Renounce Religion


You were on level 7 of the Dungeon.
You worshipped Gozag.
Gozag was aware of your devotion.
You were not hungry.

You visited 2 branches of the dungeon, and saw 8 of its levels.

You collected 817 gold pieces.
You spent 572 gold pieces at shops.
You paid 54 gold pieces to Gozag.

Inventory:

Hand Weapons
 a - a +0 war axe (weapon)
Armour
 c - a +0 shield (worn)
 q - a cursed +0 chain mail (worn)
   (You found it on level 5 of the Dungeon)
Jewellery
 l - a +2 ring of intelligence {unknown}
   (You found it on level 3 of the Dungeon)
 o - a +3 ring of strength {unknown}
   (You found it on level 4 of the Dungeon)
Wands
 p - a wand of iceblast (16)
   (You found it on level 5 of the Dungeon)
Scrolls
 b - a scroll of random uselessness {unknown}
 f - 2 scrolls of amnesia {unknown}
 g - 5 scrolls of teleportation {unknown}
 k - 12 scrolls of identify {unknown}
 m - a scroll of immolation {unknown}
 n - 3 scrolls of remove curse {unknown}
 r - a scroll of holy word {unknown}
 s - a scroll of blinking {unknown}
Potions
 d - a potion of might
 h - 3 potions of ambrosia {unknown}
 i - 2 potions of flight {unknown}
 j - 6 potions of curing
Comestibles
 e - 10 rations


   Skills:
 + Level 7.3 Fighting
 * Level 9.2 Axes
 + Level 7.1 Armour
 + Level 7.1 Shields
 + Level 2.6 Evocations


You had 8 spell levels left.
You didn't know any spells.
Your spell library was empty.

Dungeon Overview and Level Annotations

Branches:
Dungeon (7/15)             Temple (1/1) D:4

Altars:
Ashenzari
Cheibriados
Dithmenos
Elyvilon
Fedhas
Gozag
Hepliaklqana
Kikubaaqudgha
Makhleb
Nemelex Xobeh
Okawaru
Qazlal
Ru
Sif Muna
Trog
Uskayaw
Vehumet
Wu Jian
Xom
Yredelemnul
Zin
The Shining One

Shops:
D:6 ?

Annotations:
D:6 1 exclusion
D:7 Harold


Innate Abilities, Weirdness & Mutations

You reflexively headbutt those who attack you in melee.
You have a pair of horns on your head.


Message History

Press: ? - help, Shift-Dir - straight line
Okay, then.
Evoke which item? (* to show all) (? for menu, Esc to quit)
Aiming: Iceblast
Press: ? - help, Shift-Dir - straight line The mass of ice explodes!
The iceblast engulfs Harold!
Harold is almost dead.
Harold barely misses you.
Evoke which item? (* to show all) (? for menu, Esc to quit)
You don't have any such object.
Evoke which item? (* to show all) (? for menu, Esc to quit)
Okay, then.
Evoke which item? (* to show all) (? for menu, Esc to quit)
Aiming: Iceblast
Press: ? - help, Shift-Dir - straight line The mass of ice explodes!
The iceblast engulfs Harold.
Harold is almost dead.
Harold hits you with a +0 scimitar!
You die...
Your body crumbles into a pile of gold.

#..........#....
#..#.......#....
####....##......
#.........#....
#.........#....
###.##.##........
#...##.# ..##....
##...#..##.###....
#@........ ##...
##@....... ##....
#......##..#
#..... #....##...#
.# #..... #.....
##..........#..
##.#.. ...##
#.###.. ###.<
..... # #.. #..
... #.. ... ...
....


You could see Harold.

Vanquished Creatures
  Grinder (D:4)
  A hippogriff (D:6)
  A sky beast (D:5)
  A black bear (D:7)
  2 ogres (D:5)
  2 phantoms
  2 bullfrogs
  A wyvern zombie (D:7)
  A water moccasin skeleton (D:5)
  2 scorpions
  A howler monkey (D:5)
  2 crimson imps
  A centaur zombie (D:7)
  A bullfrog zombie (D:6)
  4 orc priests
  A hound (D:4)
  A centaur skeleton (D:5)
  2 jellies
  4 orc wizards
  An iguana (D:5)
  4 worker ants
  A killer bee zombie (D:7)
  2 hound skeletons (D:7)
  2 worker ant zombies (D:7)
  Robin (D:3)
  10 adders
  An ooze (D:4)
  An adder skeleton (D:5)
  An adder zombie (D:5)
  2 worms
  8 leopard geckos
  18 orcs
  7 bats
  4 giant cockroaches
  10 goblins
  6 hobgoblins
  7 jackals
  7 kobolds
  2 quokkas
  4 frilled lizards
  A jackal skeleton (D:4)
  A leopard gecko skeleton (D:5)
  4 rats
136 creatures vanquished.

Vanquished Creatures (others)
  An orc wizard (D:5)
1 creature vanquished.

Grand Total: 137 creatures vanquished

Notes
Turn   | Place    | Note
-------+----------+-------------------------------------------
     0 | D:1      | Flugslaktarn the Minotaur Fighter began the quest for the
                  | Orb.
     0 | D:1      | Reached XP level 1. HP: 19/19 MP: 0/0
   157 | D:1      | Reached XP level 2. HP: 27/27 MP: 1/1
   315 | D:1      | Reached skill level 3 in Axes
   615 | D:2      | Reached XP level 3. HP: 33/33 MP: 2/2
   626 | D:2      | Found a faded altar of an unknown god.
   805 | D:2      | Reached XP level 4. HP: 34/40 MP: 3/3
  1246 | D:3      | Noticed Robin
  1248 | D:3      | Reached skill level 4 in Axes
  1254 | D:3      | Killed Robin
  1871 | D:3      | Reached XP level 5. HP: 47/47 MP: 4/4
  2331 | D:4      | Reached skill level 5 in Axes
  2376 | D:4      | Found a staircase to the Ecumenical Temple.
  2421 | Temple   | Entered the Ecumenical Temple
  2656 | Temple   | Became a worshipper of Gozag Ym Sagoz the Greedy
  2737 | D:4      | Noticed Grinder
  2743 | D:4      | Paralysed by Grinder for 6 turns
  2749 | D:4      | Killed Grinder
  2749 | D:4      | Reached skill level 5 in Fighting
  2749 | D:4      | Reached skill level 5 in Armour
  2749 | D:4      | Reached skill level 5 in Shields
  2749 | D:4      | Reached XP level 6. HP: 28/56 MP: 5/5
  3087 | D:5      | Entered Level 5 of the Dungeon
  3090 | D:5      | Reached skill level 6 in Axes
  3092 | D:5      | Reached XP level 7. HP: 56/61 MP: 6/6
  3535 | D:5      | Reached skill level 7 in Axes
  3752 | D:5      | Reached XP level 8. HP: 61/70 MP: 7/7
  4139 | D:5      | Reached skill level 1 in Evocations
  4585 | D:6      | Reached skill level 8 in Axes
  4625 | D:6      | Noticed a hippogriff
  4632 | D:6      | Killed a hippogriff
  5134 | D:6      | Found a sacrificial altar of Ru.
  5177 | D:6      | Found Kumesh Fofi's Magic Scroll Emporium.
  5184 | D:6      | Bought a scroll of acquirement for 572 gold pieces
  5468 | D:7      | Reached skill level 9 in Axes
  5504 | D:7      | Reached XP level 9. HP: 70/79 MP: 9/9
  5815 | D:7      | Noticed Harold
  5833 | D:7      | Slain by Harold

Levels and vault maps discovered:
D:1:      minmay_arrival_jagged, layout_rooms, nrook_mini_backslash
D:2:      layout_rooms, chequers_ecumenical_altar_simple
D:3:      layout_basic, chequers_serial_rivers_small_a, uniq_robin
D:4:      layout_rooms, minmay_temple_entry_mist, first_ration, uniq_grinder
D:5:      layout_loops_ring
D:6:      layout_loops_corners, nicolae_ru_path_of_blood, serial_shops, shop,
          st_stairs_11, minmay_misc_feat_columns, tgw_sif
D:7:      layout_cave_pools, uniq_harold, uniq_prince_ribbit1
Temple:   nicolae_temple_the_god_donut

Skill      XL: |  1  2  3  4  5  6  7  8 |
---------------+-------------------------+-----
Axes           | 3 4 5 6 7 9 |  9.2
Fighting       | 4 5 6 7 |  7.3
Armour         | 4 5 6 7 |  7.1
Shields        | 4 5 6 7 |  7.1
Evocations     | 2 |  2.6

Action                   |  1- 3 |  4- 6 |  7- 9 || total
-------------------------+-------+-------+-------++-------
Melee: War axe           |    78 |   107 |   232 ||   417
       Headbutt          |    13 |    25 |    47 ||    85
Evoke: Wand              |       |       |     2 ||     2
  Use: Scroll            |       |       |     1 ||     1
  Eat: Chunk             |       |     6 |       ||     6
       Ration            |       |       |     3 ||     3
Armor: Scale mail        |    52 |    50 |    20 ||   122
       Chain mail        |       |       |    73 ||    73
Dodge: Dodged            |    19 |    22 |    50 ||    91
Block: Shield            |    34 |    49 |   106 ||   189
